 Dungeon Crawl Stone Soup version 0.21.1-1-g345015f (webtiles) character file.

262 nicolaieve the Chopper (level 5, -5/47 HPs)
             Began as a Minotaur Berserker on July 1, 2018.
             Was a Priest of Trog.
             Slain by an ogre
             ... wielding a +0 giant club
              (6 damage)
             ... on level 4 of the Dungeon on July 2, 2018.
             The game lasted 00:11:28 (2116 turns).

nicolaieve the Chopper (Minotaur Berserker)         Turns: 2116, Time: 00:11:28

Health: -5/47      AC: 11    Str: 22    XL:     5   Next: 97%
Magic:  4/4        EV:  7    Int:  4    God:    Trog [***...]
Gold:   169        SH:  0    Dex: 10    Spells: 4/4 levels left

rFire    . . .     SeeInvis .   a - +0 hand axe
rCold    . . .     Gourm    .   (no shield)
rNeg     . . .     Faith    .   s - +0 plate armour
rPois    .         Spirit   .   (helmet restricted)
rElec    .         Reflect  .   (no cloak)
rCorr    .         Harm     .   (no gloves)
MR       .....                  (no boots)
Stlth    ..........             (no amulet)
HPRegen  0.15/turn              (no ring)
MPRegen  0.09/turn              (no ring)

@: berserk cooldown
A: retaliatory headbutt, horns 2
a: Berserk, Trog's Hand, Burn Spellbooks, Renounce Religion


You were on level 4 of the Dungeon.
You worshipped Trog.
Trog was most pleased with you.
You were not hungry.

You visited 1 branch of the dungeon, and saw 4 of its levels.

You collected 169 gold pieces.

Inventory:

Hand Weapons
 a - a +0 hand axe (weapon)
Armour
 b - a +0 animal skin
 f - a +0 leather armour
 q - a +0 scale mail
 s - a +0 plate armour (worn)
Wands
 h - a wand of enslavement (7)
Scrolls
 i - a scroll of remove curse {unknown}
 j - a scroll of amnesia {unknown}
 k - a scroll of teleportation {unknown}
 l - a scroll of enchant armour {unknown}
 n - 3 scrolls of identify {unknown}
 r - a scroll of enchant weapon {unknown}
 t - a scroll of blinking {unknown}
 u - a scroll of magic mapping {unknown}
Potions
 e - a potion of berserk rage {unknown}
 g - 3 potions of curing {unknown}
 m - 4 potions of flight {unknown}
 o - a potion of resistance {unknown}
 p - a potion of might {unknown}
Comestibles
 c - 5 rations
 d - a chunk of flesh


   Skills:
 + Level 4.9 Fighting
 * Level 6.8 Axes
 + Level 3.5 Armour
 - Level 2.1 Dodging


You had 4 spell levels left.
You didn't know any spells.

Dungeon Overview and Level Annotations

Branches:
Dungeon (4/15)
 Temple: D:4-7

Altars:
Kikubaaqudgha


Innate Abilities, Weirdness & Mutations

You reflexively headbutt those who attack you in melee.
You have a pair of horns on your head.


Message History

The ogre hits you with a giant club.
You hit the ogre. Your headbutt misses the ogre.
The ogre is lightly wounded.
The ogre barely misses you. The ogre hits you with a giant club!!
You barely miss the ogre.
The ogre is lightly wounded.
The ogre barely misses you. You furiously retaliate!
You headbutt the ogre, but do no damage.
You hit the ogre.
The ogre is moderately wounded.
The ogre hits you with a giant club.
You hit the ogre.
The ogre is heavily wounded.
The ogre hits you with a giant club!
* * * LOW HITPOINT WARNING * * *
You hit the ogre.
The ogre is severely wounded.
You feel yourself speed up. The ogre hits you with a giant club.
You die...

##.# #..#######.
######.#........ .
....#.#.####### #.
...#.#.# #.##
#..#.#.# ...
#..#.#.#
#.###..#.#.###
#hO@....#....#####
###.##............
#.######.#.#####
#.# #.#.# #.#
#.#.# ... #.# #
... ..# ... ###
##...


You could see an ogre and a hound.

Vanquished Creatures
  A phantom (D:4)
  A jelly (D:3)
  3 gnolls (D:3)
  3 adders
  3 dart slugs
  4 leopard geckos (D:2)
  3 orcs (D:3)
  6 bats
  3 giant cockroaches
  10 goblins
  7 hobgoblins
  3 jackals
  8 kobolds
  2 ball pythons
  6 frilled lizards
  17 rats
  A withered plant (D:3)
81 creatures vanquished.

Notes
Turn   | Place    | Note
-------+----------+-------------------------------------------
     0 | D:1      | nicolaieve the Minotaur Berserker began the quest for the Orb.
     0 | D:1      | Reached XP level 1. HP: 19/19 MP: 0/0
    12 | D:1      | Reached skill level 4 in Axes
    43 | D:1      | Reached XP level 2. HP: 25/27 MP: 1/1
    76 | D:1      | Reached ** piety under Trog
   483 | D:1      | Reached XP level 3. HP: 22/33 MP: 2/2
   707 | D:2      | Reached skill level 5 in Axes
  1151 | D:3      | Reached XP level 4. HP: 40/41 MP: 3/3
  1259 | D:3      | Reached *** piety under Trog
  1326 | D:3      | Found an ancient bone altar of Kikubaaqudgha.
  1992 | D:3      | Reached skill level 6 in Axes
  1992 | D:3      | Reached XP level 5. HP: 38/47 MP: 4/4
  2080 | D:4      | Noticed a phantom
  2091 | D:4      | Killed a phantom
  2109 | D:4      | Noticed an ogre
  2115 | D:4      | HP: 1/47 [ogre/giant club (14)]
  2116 | D:4      | Slain by an ogre

Skill      XL: |  1  2  3  4 |
---------------+-------------+-----
Axes           | 4 5 6 |  6.8
Fighting       | 4 |  4.9
Armour         | 3 |  3.5
Dodging        | |  2.1

Action                   |  1- 3 |  4- 6 || total
-------------------------+-------+-------++-------
Melee: Hand axe          |    92 |    91 ||   183
       Headbutt          |    12 |    25 ||    37
Invok: Berserk           |     1 |     2 ||     3
       Trog's Hand       |       |     1 ||     1
  Eat: Chunk             |     2 |     5 ||     7
Armor: Animal skin       |     2 |       ||     2
       Leather armour    |    14 |       ||    14
       Scale mail        |     3 |     5 ||     8
       Plate armour      |       |    28 ||    28
Dodge: Dodged            |    48 |    18 ||    66
